 Dungeon Crawl Stone Soup version 0.30-a0-702-gdf48620a09 (webtiles) character file.

Game seed: 18186399646057777609

119 bjtr the Digger (level 5, -1/49 HPs)
             Began as an Ogre Earth Elementalist on Jan 22, 2023.
             Killed from afar by Terence (18 damage)
             ... with a bolt of dispelling energy
             ... on level 3 of the Dungeon.
             The game lasted 00:07:23 (2228 turns).

bjtr the Digger (Ogre Earth Elementalist)           Turns: 2228, Time: 00:07:23

Health: -1/49      AC:  3    Str: 12    XL:     5   Next: 3%
Magic:  2/10       EV:  9    Int: 18    God:
Gold:   190        SH:  0    Dex:  9    Spells: 0/10 levels left

rFire   . . .      SeeInvis .    v - +1 hand axe (flame)
rCold   . . .      Faith    .    (no shield)
rNeg    . . .      Spirit   .    a - +0 robe
rPois   .          Reflect  .    (helmet restricted)
rElec   .          Harm     .    (no cloak)
rCorr   .          Rampage  .    (gloves unavailable)
Will    .....                    (boots unavailable)
Stlth   +                        (no amulet)
HPRegen 0.28/turn                (no ring)
MPRegen 0.12/turn                (no ring)

@: no status effects
A: large, unfitting armour, tough skin 1
a: no special abilities


You were on level 3 of the Dungeon.
You visited 1 branch of the dungeon, and saw 3 of its levels.

You collected 190 gold pieces.

Inventory:

Hand Weapons
 i - a +0 short sword
 s - a +0 sling
 v - a +1 hand axe of flaming (weapon)
Missiles
 q - 2 poisoned darts
 u - 3 boomerangs
Armour
 a - a +0 robe (worn)
Magical Staves
 c - a staff of cold
Jewellery
 t - an amulet of faith
Scrolls
 e - 4 scrolls of identify {unknown}
 f - a scroll of teleportation {unknown}
 g - a scroll of torment {unknown}
 h - a scroll of vulnerability {unknown}
 j - a scroll of enchant armour {unknown}
 m - a scroll of noise {unknown}
 n - a scroll of fog {unknown}
 o - a scroll of poison {unknown}
 p - 2 scrolls of immolation {unknown}
 w - a scroll of amnesia {unknown}
Potions
 b - 2 potions of magic
 d - 2 potions of haste {unknown}
 k - 2 potions of heal wounds {unknown}
 l - 2 potions of curing {unknown}
 r - 2 potions of brilliance {unknown}


   Skills:
 * Level 2.0 Fighting
 - Level 1.7 Dodging
 - Level 1.4 Stealth
 * Level 1.2 Shields
 + Level 3.3 Spellcasting
 - Level 0.8 Transmutations
 * Level 4.0 Earth Magic


You couldn't memorise any spells.
You knew the following spells:

 Your Spells              Type           Power      Damage    Failure   Level
a - Sandblast             Erth           34%        2d9       3%          1
b - Passwall              Tmut/Erth      9%         N/A       9%          2
c - Stone Arrow           Conj/Erth      20%        3d8       21%         3
d - Petrify               Tmut/Erth      11%        N/A       50%         4

Your spell library contained the following spells:

 Spells                   Type           Power      Damage    Failure   Level


Dungeon Overview and Level Annotations

Branches:
Dungeon (3/15)

Altars:

Annotations:
D:3 Terence


Innate Abilities, Weirdness & Mutations

You are too large for most types of armour.
You have tough skin. (AC +1)


Message History

Aiming: Sandblast (safe; 3% risk of failure)
Press: ? - help, Shift-Dir - straight line, f - orc
Aim: an orc, wielding a +0 hand axe and wearing a +0 leather armour (wandering, hasn't noticed you, 82% to hit)
The blast of sand hits the orc!
You kill the orc!
Terence zaps a wand.
The bolt of dispelling energy hits you.
Casting: Sandblast (safe; 3% risk of failure)
Confirm with . or Enter, or press ? or * to list all spells.
Aiming: Sandblast (safe; 3% risk of failure)
Press: ? - help, Shift-Dir - straight line, f - Terence
Aim: Terence, wielding a +0 trident, wearing a +0 chain mail and carrying a wand of quicksilver (6) (87% to hit)
The blast of sand hits Terence but does no damage.
Terence zaps a wand.
The bolt of dispelling energy hits you!
Casting: Sandblast (safe; 3% risk of failure)
Confirm with . or Enter, or press ? or * to list all spells.
Aiming: Sandblast (safe; 3% risk of failure)
Press: ? - help, Shift-Dir - straight line, f/p - Terence
Aim: Terence, wielding a +0 trident, wearing a +0 chain mail and carrying a wand of quicksilver (5) (87% to hit)
The blast of sand hits Terence but does no damage.
Casting: Sandblast (safe; 3% risk of failure)
Confirm with . or Enter, or press ? or * to list all spells.
Aiming: Stone Arrow (dangerous; 21% risk of failure)
Press: ? - help, Shift-Dir - straight line, f/p - Terence
Aim: Terence, wielding a +0 trident, wearing a +0 chain mail and carrying a wand of quicksilver (5) (77% to hit)
Terence hits you from afar with a +0 trident!
Unknown command.
Casting: Stone Arrow (dangerous; 21% risk of failure)
Confirm with . or Enter, or press ? or * to list all spells.
Aiming: Stone Arrow (dangerous; 21% risk of failure)
Press: ? - help, Shift-Dir - straight line, f/p - Terence
Aim: Terence, wielding a +0 trident, wearing a +0 chain mail and carrying a wand of quicksilver (5) (77% to hit)
Terence zaps a wand.
The bolt of dispelling energy misses you.
Casting: Stone Arrow (dangerous; 21% risk of failure)
Confirm with . or Enter, or press ? or * to list all spells.
You don't have enough magic to cast this spell.
Terence zaps a wand.
The bolt of dispelling energy hits you!
Terence zaps a wand.
The bolt of dispelling energy hits you!!
You die...

##.# .. ##..#####
#.#+#....@..#
#...##.####.# #
#..# #@# .#
#.###..# #.# )#
#..^...# #.# .#
##### #...###.# .#
....# #(....@.# .#
###.# #.#.###.# .#
###)## #.#.# #.#
.....# #.#.###.#
###..######.......#
#...........###.#
##...............
########.#####..
#.#


You could see Terence.

Vanquished Creatures
  An orc priest (D:3)
  3 adders
  A worm (D:2)
  5 orcs (D:3)
  5 ball pythons
  9 endoplasms
  2 giant cockroaches
  3 goblins (D:1)
  2 hobgoblins
  3 jackals (D:2)
  A quokka (D:2)
  5 bats (D:1)
  A frilled lizard (D:1)
  7 kobolds
  5 rats
53 creatures vanquished.

Notes
Turn   | Place    | Note
-------+----------+-------------------------------------------
     0 | D:1      | bjtr the Ogre Earth Elementalist began the quest for the
                  | Orb.
     0 | D:1      | Reached XP level 1. HP: 16/16 MP: 3/3
   290 | D:1      | Reached skill level 3 in Earth Magic
   290 | D:1      | Reached XP level 2. HP: 12/26 MP: 0/5
   741 | D:1      | Reached skill level 1 in Fighting
   755 | D:1      | Reached XP level 3. HP: 33/33 MP: 4/6
   815 | D:1      | You fall into a shaft and drop 1 floor!
  1415 | D:2      | Reached skill level 1 in Shields
  1415 | D:2      | Reached XP level 4. HP: 41/41 MP: 6/8
  1617 | D:2      | Learned a level 2 spell: Passwall
  1621 | D:2      | Learned a level 3 spell: Stone Arrow
  1841 | D:3      | HP: 1/42 [orc/+0 hand axe (4)]
  2059 | D:3      | Reached skill level 4 in Earth Magic
  2101 | D:3      | Reached XP level 5. HP: 49/49 MP: 7/10
  2108 | D:3      | Learned a level 4 spell: Petrify
  2214 | D:3      | Noticed Terence
  2228 | D:3      | Killed from afar by Terence

Illustrated notes

Levels and vault maps discovered:
D:1:      ebering_hopf_link, layout_loops_ring, minivault_5,
          minmay_misc_feat_doors, chequers_serial_rivers_micro_d,
          grunt_decor_cap
D:2:      layout_loops_ring
D:3:      layout_loops_ring, serial_shops, nicolae_shop_hallway_plus,
          uniq_terence

Skill      XL: |  1  2  3  4 |
---------------+-------------+-----
Earth Magic    | 3 4 |  4.0
Fighting       | 1 2 |  2.0
Spellcasting   | 3 |  3.3
Shields        | 1 |  1.2
Dodging        | |  1.7
Stealth        | |  1.4
Transmutations | |  0.8

Action                   |  1- 3 |  4- 6 || total
-------------------------+-------+-------++-------
Melee: Staff             |    83 |     2 ||    85
       Punch             |     1 |       ||     1
       Hand axe          |       |    21 ||    21
 Cast: Sandblast         |    35 |    22 ||    57
       Passwall          |       |     1 ||     1
       Stone Arrow       |       |     2 ||     2
Armor: Robe              |    43 |     6 ||    49
Dodge: Dodged            |    51 |    20 ||    71

Table legend: (Time is in decaauts)
 A = Elapsed time spent in this place.
 B = Non-inter-level travel time spent in this place.
 C = Inter-level travel time spent in this place.
 D = Time resting spent in this place.
 E = Time spent auto-exploring this place.
 F = Levels seen in this place.
 G = Mean time per level.
                   A        B        C        D        E       F      G
               +--------+--------+--------+--------+--------+-----+--------+
         Total |   2279 |   2264 |     15 |    247 |   1464 |   3 |  759.7 |
       Dungeon |   2279 |   2264 |     15 |    247 |   1464 |   3 |  759.7 |
               +--------+--------+--------+--------+--------+-----+--------+

Top non-repeatable levels by time:
     D:2: 1109 daAuts
     D:1: 833 daAuts
     D:3: 335 daAuts
